 Dungeon Crawl Stone Soup version 0.21.1-1-g345015f (webtiles) character file.

443 risingmaelstrom the Chopper (level 6, -3/47 HPs)
             Began as a Minotaur Fighter on Apr 11, 2018.
             Was an Initiate of Qazlal.
             Killed by divine providence
             ... invoked by an orc priest
              (13 damage)
             ... on level 4 of the Dungeon.
             The game lasted 00:12:16 (3297 turns).

risingmaelstrom the Chopper (Minotaur Fighter)      Turns: 3297, Time: 00:12:18

Health: -3/47      AC:  8    Str: 23    XL:     6   Next: 71%
Magic:  5/5        EV:  8    Int:  5    God:    Qazlal [......]
Gold:   156        SH: 10    Dex:  9    Spells: 5/5 levels left

rFire    . . .     SeeInvis .   a - +0 war axe
rCold    . . .     Gourm    .   c - +0 shield
rNeg     . . .     Faith    .   b - +0 scale mail
rPois    .         Spirit   .   (helmet unavailable)
rElec    .         Reflect  .   (no cloak)
rCorr    +         Harm     .   (no gloves)
MR       +....                  d - +0 pair of boots
Stlth    ..........             (no amulet)
HPRegen  0.15/turn              h - ring of resist corrosion
MPRegen  0.09/turn              (no ring)

@: no status effects
A: retaliatory headbutt, horns 3, blurry vision 1, frail 1, magic resistance 1
a: Renounce Religion


You were on level 4 of the Dungeon.
You worshipped Qazlal.
Qazlal was noncommittal.
You were not hungry.

You visited 1 branch of the dungeon, and saw 4 of its levels.

You collected 156 gold pieces.

Inventory:

Hand Weapons
 a - a +0 war axe (weapon)
Armour
 b - a +0 scale mail (worn)
 c - a +0 shield (worn)
 d - a +0 pair of boots (worn)
Jewellery
 h - a ring of resist corrosion (left hand)
Scrolls
 e - a scroll of identify
 g - a scroll of magic mapping
 i - 2 scrolls of remove curse
Comestibles
 f - 8 rations


   Skills:
 + Level 4.5 Fighting
 + Level 6.1 Axes
 + Level 5.4 Armour
 + Level 1.1 Dodging
 + Level 0.2 Stealth
 + Level 4.9 Shields


You had 5 spell levels left.
You didn't know any spells.

Dungeon Overview and Level Annotations

Branches:
Dungeon (4/15)
 Temple: D:4-7

Altars:
Dithmenos
Qazlal

Shops:
D:4 [

Annotations:
D:3 2 transporters


Innate Abilities, Weirdness & Mutations

You reflexively headbutt those who attack you in melee.
You have a pair of large horns on your head.
Scrolls take you a little longer to read.
You are frail. (-10% HP)
You are resistant to hostile enchantments. (MR+)


Message History

The orc priest begins to cast a cantrip, but forgets the words!
You slash the giant cockroach!
You kill the giant cockroach!
Qazlal accepts your kill.
You closely miss the phantom. The phantom hits you.
* * * LOW HITPOINT WARNING * * *
Your shield and scale mail prevent you from hitting the orc priest.
You headbutt the orc priest.
The orc priest is moderately wounded.
You hit the phantom.
The orc priest hits you but does no damage.
The phantom hits you.
* * * LOW HITPOINT WARNING * * *
You slash the orc priest! Your headbutt misses the orc priest.
The orc priest is severely wounded.
You closely miss the phantom.
The phantom hits you but does no damage.
The orc priest mumbles some strange prayers to Beogh against you.
Beogh smites you!
You die...

##...... ##.......
......... ........#
.......##
#.....############
#........†).....###
#......$o@W......#
##.!.##########..##
##### ##..# ##.#
#.# ######### #.#
#.......## ##(#
....<....## ###.##
#####.....##
####...#


You could see a phantom and an orc priest.

Vanquished Creatures
  An ogre (D:4)
  A howler monkey (D:4)
  2 orc priests (D:3)
  3 orc wizards
  An iguana (D:4)
  A worker ant (D:3)
  4 adders
  5 oozes
  A worm (D:2)
  3 dart slugs
  A leopard gecko (D:4)
  4 orcs
  6 bats
  7 giant cockroaches
  8 goblins
  5 hobgoblins
  A ball python (D:3)
  3 frilled lizards
  7 kobolds
  A quokka skeleton (D:4)
  7 rats
72 creatures vanquished.

Notes
Turn   | Place    | Note
-------+----------+-------------------------------------------
     0 | D:1      | risingmaelstrom the Minotaur Fighter began the quest for the Orb.
     0 | D:1      | Reached XP level 1. HP: 19/19 MP: 0/0
    49 | D:1      | Reached XP level 2. HP: 27/27 MP: 1/1
   104 | D:1      | Gained mutation: You are resistant to hostile enchantments. (MR+) [potion of mutation]
   104 | D:1      | Gained mutation: Scrolls take you a little longer to read. [potion of mutation]
   104 | D:1      | Gained mutation: You are frail. (-10% HP) [potion of mutation]
   104 | D:1      | Gained mutation: You have a pair of large horns on your head. [potion of mutation]
   456 | D:1      | Reached XP level 3. HP: 29/29 MP: 2/2
  1092 | D:2      | Reached skill level 3 in Axes
  1331 | D:2      | Reached XP level 4. HP: 36/36 MP: 3/3
  1671 | D:3      | Found a transporter.
  1702 | D:3      | Found a transporter.
  1763 | D:3      | Found a faded altar of an unknown god.
  2081 | D:3      | Reached skill level 4 in Axes
  2148 | D:3      | Reached XP level 5. HP: 22/41 MP: 4/4
  2156 | D:3      | Reached skill level 5 in Armour
  2160 | D:3      | Reached skill level 5 in Axes
  2432 | D:3      | Found a shadowy altar of Dithmenos.
  2756 | D:4      | Noticed an ogre
  2762 | D:4      | Killed an ogre
  2762 | D:4      | Reached skill level 1 in Dodging
  2762 | D:4      | Reached XP level 6. HP: 47/47 MP: 5/5
  2810 | D:4      | Found Keesotte's Armour Emporium.
  2976 | D:4      | Reached skill level 6 in Axes
  3011 | D:4      | Found a stormy altar of Qazlal.
  3021 | D:4      | Became a worshipper of Qazlal Stormbringer
  3297 | D:4      | Killed from afar by an orc priest

Skill      XL: |  1  2  3  4  5  6 |
---------------+-------------------+-----
Fighting       | 4 |  4.5
Armour         | 4 5 |  5.4
Shields        | 4 |  4.9
Axes           | 3 4 5 6 |  6.1
Dodging        | 1 |  1.1
Stealth        | |  0.2

Action                   |  1- 3 |  4- 6 || total
-------------------------+-------+-------++-------
Melee: War axe           |    90 |    94 ||   184
       Headbutt          |    16 |    14 ||    30
  Use: Scroll            |     4 |     3 ||     7
       Potion            |     2 |     4 ||     6
  Eat: Chunk             |     1 |     3 ||     4
       Ration            |       |     1 ||     1
Armor: Scale mail        |    22 |    47 ||    69
Dodge: Dodged            |    28 |    31 ||    59
Block: Shield            |    53 |    67 ||   120
